Map: Habitation Station LE (Void)

Players

Fropez - Winner!

  • Race: Protoss Protoss
  • League: Gold
  • Spawn Location: 11:00

MercuryVenom

  • Race: Zerg Zerg
  • League: Gold
  • Spawn Location: 1:00

VOD

Have the link to the VOD?

Description

Time

  • Played on: Dec. 21, 2016, 5:57 p.m.
  • Length: 12:55
Show
View Real Time Build Order
Export as new Build Order

Fropez Protoss - Winner!

Build Orders: 1 Gate Expand 

Get SALT Encoding   

  12  0:00  Probe (Chrono Boost)  
  13  0:12  Probe (Chrono Boost)  
  14  0:21  Pylon  
  14  0:23  Probe (Chrono Boost)  
  15  0:39  Probe (Chrono Boost), Gateway  
  16  0:47  Assimilator  
  16  0:49  Probe (Chrono Boost)  
  17  1:00  Probe (Chrono Boost)  
  18  1:10  Probe (Chrono Boost)  
  19  1:21  Probe (Chrono Boost)  
  20  1:26  Zealot  
  20  1:31  Probe (Chrono Boost)  
  23  1:37  Nexus  
  23  1:54  Pylon  
  23  2:01  Cybernetics Core  
  23  2:12  Probe (Chrono Boost)  
  24  2:18  Pylon  
  24  2:23  Probe (Chrono Boost)  
  25  2:33  Probe (Chrono Boost)  
  25  2:36  Warp Gate  
  26  2:38  Assimilator, Gateway  
  28  2:44  Mothership Core (Chrono Boost)  
  28  2:47  Stalker  
  30  2:52  Probe (Chrono Boost)  
  31  3:02  Probe (Chrono Boost)  
  31  3:03  Pylon  
  32  3:06  Pylon  
  32  3:11  Probe (Chrono Boost)  
  33  3:17  Stalker  
  35  3:25  Adept  
  37  3:30  Probe (Chrono Boost)  
  39  3:34  Probe (Chrono Boost)  
  39  3:40  Assimilator  
  39  3:43  Assimilator, Gateway  
  39  3:55  Probe x2 (Chrono Boost)  
  41  3:58  Adept, Robotics Facility  
  43  4:05  Probe (Chrono Boost)  
  43  4:08  Probe (Chrono Boost)  
  45  4:12  Pylon  
  45  4:18  Probe (Chrono Boost)  
  35  4:42  Probe (Chrono Boost)  
  35  4:43  Probe (Chrono Boost)  
  31  4:51  Nexus  
  31  4:53  Probe (Chrono Boost)  
  31  4:55  Probe (Chrono Boost)  
  31  4:57  Observer  
  34  5:03  Probe (Chrono Boost)  
  34  5:04  Pylon  
  36  5:07  Probe (Chrono Boost)  
  36  5:12  Pylon  
  37  5:14  Probe (Chrono Boost)  
  37  5:18  Adept  
  37  5:19  Probe (Chrono Boost)  
  40  5:27  Probe (Chrono Boost)  
  41  5:29  Twilight Council  
  41  5:35  Probe (Chrono Boost)  
  42  5:37  Stalker  
  42  5:42  Probe (Chrono Boost)  
  45  5:51  Gateway  
  45  6:00  Pylon  
  45  6:01  Probe (Chrono Boost)  
  45  6:02  Probe (Chrono Boost)  
  45  6:03  Probe (Chrono Boost)  
  48  6:04  Resonating Glaives  
  49  6:11  Probe (Chrono Boost)  
  49  6:13  Adept x2  
  49  6:14  Adept  
  55  6:23  Warp Prism  
  55  6:24  Probe (Chrono Boost)  
  58  6:28  Gateway  
  58  6:29  Probe (Chrono Boost)  
  58  6:30  Probe (Chrono Boost)  
  60  6:35  Adept x2  
  60  6:37  Adept  
  66  6:46  Probe (Chrono Boost)  
  68  6:47  Forge, Probe (Chrono Boost)  
  68  6:54  Pylon  
  68  6:56  Adept  
  68  6:57  Adept  
  68  6:59  Adept  
  74  7:27  Stalker x2  
  74  7:28  Stalker  
  80  7:31  Blink  
  80  7:33  Protoss Ground Weapons Level 1  
  80  7:38  Photon Cannon  
  62  7:53  Photon Cannon  
  62  7:54  Immortal  
  62  7:55  Pylon  
  62  7:57  Adept x4  
  62  7:58  Adept  
  76  8:22  Dark Shrine  
  76  8:24  Probe x2 (Chrono Boost)  
  76  8:25  Probe (Chrono Boost), Gateway  
  79  8:28  Pylon  
  79  8:29  Sentry  
  79  8:30  Sentry x3  
  79  8:31  Sentry  
  89  8:48  Probe x2 (Chrono Boost)  
  92  8:50  Probe (Chrono Boost)  
  92  8:59  Sentry x3  
  101  9:03  Probe x2 (Chrono Boost)  
  101  9:04  Probe (Chrono Boost)  
  101  9:08  Assimilator  
  101  9:10  Protoss Ground Weapons Level 2  
  101  9:13  Assimilator  
  101  9:19  Probe x2 (Chrono Boost)  
  101  9:20  Probe (Chrono Boost)  
  101  9:21  Gateway  
  101  9:23  Adept x3  
  101  9:24  Adept x2  
  112  9:25  Photon Cannon  
  114  9:36  Pylon  
  114  9:37  Photon Cannon  
  114  9:45  Adept x4  
  118  9:46  Adept  
  124  9:53  Nexus  
  124  9:57  Dark Templar  
  126  10:07  Pylon  
  126  10:10  Probe x2 (Chrono Boost)  
  126  10:11  Probe (Chrono Boost)  
  129  10:16  Immortal  
  133  10:29  Adept x4  
  141  11:01  Pylon  
  141  11:03  Pylon  
  141  11:05  Pylon, Immortal  
  141  11:06  Pylon  
  141  11:08  Pylon  
  145  11:12  Assimilator  
  145  11:17  Assimilator  
  145  11:18  Photon Cannon  
  145  11:20  Photon Cannon  
  145  11:22  Pylon, Photon Cannon  
  145  11:23  Dark Templar x5  
  145  11:24  Dark Templar  
  135  12:29  Zealot x6  
  141  12:30  Zealot  
  131  12:38  Probe (Chrono Boost), Gateway  
  131  12:40  Probe x3 (Chrono Boost), Gateway  
  131  12:42  Gateway  
  127  12:44  Gateway  
Show
View Real Time Build Order
Export as new Build Order

MercuryVenom Zerg 

Build Orders: Pool First 

Get SALT Encoding   

  12  0:01  Drone  
  13  0:19  Overlord  
  13  0:23  Drone  
  14  0:40  Drone x2  
  16  0:43  Drone  
  16  0:49  Spawning Pool  
  16  1:03  Drone  
  17  1:07  Drone  
  18  1:22  Extractor  
  17  1:29  Hatchery  
  17  1:32  Drone x2  
  18  1:35  Extractor, Drone  
  18  1:45  Queen  
  20  2:06  Drone  
  21  2:10  Zergling x2  
  21  2:12  Overlord  
  22  2:30  Queen, Zergling x2  
  25  2:47  Metabolic Boost  
  25  2:55  Zergling x8  
  25  2:56  Zergling x8  
  33  3:06  Baneling Nest  
  32  3:21  Zergling x8  
  36  3:32  Overlord  
  36  3:38  Extractor  
  36  3:40  Overlord x2  
  35  3:51  Drone  
  36  3:56  Baneling x4  
  36  3:57  Baneling x2  
  36  3:59  Drone  
  36  4:00  Drone x2  
  36  4:02  Drone x3  
  30  4:47  Drone x4  
  30  4:48  Drone x6  
  40  4:55  Spine Crawler  
  40  4:56  Spine Crawler  
  40  4:59  Lair  
  38  5:01  Baneling x2  
  38  5:17  Pneumatized Carapace  
  38  5:19  Evolution Chamber  
  37  5:22  Drone x4  
  37  5:27  Extractor  
  41  5:28  Drone x3  
  41  5:31  Zergling x2  
  41  5:34  Baneling  
  44  6:02  Overlord x2  
  44  6:14  Roach Warren  
  43  6:27  Zerg Missile Weapons Level 1  
  43  6:31  Zergling x8  
  43  6:32  Zergling x12  
  53  6:35  Hatchery  
  53  6:36  Baneling x2  
  52  6:41  Overseer  
  52  6:45  Centrifical Hooks  
  52  6:53  Roach x3  
  52  6:54  Roach  
  60  6:57  Baneling x6  
  60  6:58  Baneling  
  58  7:18  Spore Crawler  
  55  7:26  Glial Reconstitution  
  38  7:51  Drone x2  
  38  7:53  Drone x2  
  38  7:55  Drone x4  
  38  7:56  Drone  
  47  7:59  Drone x3  
  47  8:01  Queen  
  47  8:02  Drone x2  
  47  8:04  Drone x3  
  57  8:13  Ravager x4  
  61  8:30  Drone x3  
  61  8:32  Drone x2  
  61  8:33  Overlord x2  
  66  8:47  Overlord  
  66  8:48  Overlord  
  66  8:52  Zerg Missile Weapons Level 2  
  66  8:58  Evolution Chamber  
  66  9:01  Hydralisk Den  
  66  9:02  Extractor  
  63  9:05  Extractor, Infestation Pit  
  61  9:14  Drone x3  
  61  9:16  Drone x4  
  68  9:19  Drone x2  
  68  9:20  Drone  
  71  9:27  Spire  
  70  9:36  Hydralisk x2  
  70  9:37  Roach x3  
  70  9:38  Roach x2  
  84  9:41  Zerg Ground Armor Level 1  
  84  10:00  Hive  
  84  10:08  Queen  
  86  10:14  Muscular Augments  
  88  10:21  Roach x2  
  88  10:23  Overlord x4  
  90  10:31  Overlord x2  
  90  10:48  Hatchery  
  89  10:50  Overseer  
  89  10:51  Overseer  
  89  10:52  Overseer  
  89  10:58  Zergling x8  
  89  10:59  Hydralisk x5  
  89  11:00  Hydralisk x2  
  89  11:03  Ravager x2  
  109  11:17  Extractor  
  108  11:21  Zergling x12  
  108  11:22  Zergling x6  
  117  11:29  Ultralisk Cavern  
  116  11:35  Hydralisk Den  
  80  11:49  Roach x2  
  80  11:50  Roach x7  
  80  11:51  Roach  
  79  12:06  Viper  
  79  12:08  Zergling x2  
Tags
 
Add a new tag
Caveats
  • Supply blocks, unpowered buildings, or Contaminate may cause inaccurate times.
  • Supply counts are checked every 10 seconds.